 Dungeon Crawl Stone Soup version 0.14-a0-519-g334afa2 (webtiles) character file.

307 LostMyPassword the Ruinous (level 4, -2/22 HPs)
             Began as a Deep Elf Wizard on Nov 1, 2013.
             Killed from afar by Sigmund (9 damage)
             ... with a magic dart
             ... on Level 3 of the Dungeon.
             The game lasted 00:10:47 (1949 turns).

LostMyPassword the Ruinous (Deep Elf Wizard)        Turns: 1949, Time: 00:10:48

HP  -2/22        AC  3     Str  4      XL: 4   Next: 61%
MP  12/16        EV 12     Int 24      God:
Gold 197         SH  0     Dex 13      Spells:  5 memorised,  1 level left

Res.Fire  : . . .   See Invis. : .   a - +0 quarterstaff
Res.Cold  : . . .   Warding    : .   y - +0 elf robe
Life Prot.: . . .   Conserve   : .   (no shield)
Res.Poison: .       Res.Corr.  : .   l - +0 elf wizard hat
Res.Elec. : .       Clarity    : .   k - +0 cloak
Sust.Abil.: . .     Spirit.Shd : .   (no gloves)
Res.Mut.  : .       Stasis     : .   (no boots)
Res.Rott. : .       Flight     : .   (no amulet)
Saprovore : . . .                    (no ring)
                                     (no ring)

@: slightly resistant to hostile enchantments, fairly stealthy
A: no striking features
a: no special abilities


You were on level 3 of the Dungeon.
You were not hungry.

You visited 1 branch of the dungeon, and saw 3 of its levels.

You collected 197 gold pieces.

Inventory:

Hand weapons
 a - a +0,+0 quarterstaff (weapon)
 b - a +2,+2 short sword of venom
Armour
 k - a +0 cloak (worn)
 l - a +0 elven wizard hat (worn)
 y - a +0 elven robe (worn)
Comestibles
 d - 3 bread rations
 g - a rotting chunk of giant cockroach flesh
 h - a pear
 m - a choko
 r - a chunk of jackal flesh
 s - 2 chunks of jackal flesh
 w - a chunk of goblin flesh
 B - a chunk of jackal flesh
 C - a chunk of giant newt flesh
Scrolls
 f - 2 scrolls of identify {unknown}
 j - a scroll of teleportation {unknown}
 n - a scroll of remove curse {unknown}
 v - 2 scrolls of curse weapon {unknown}
Jewellery
 t - an uncursed ring of protection from fire {unknown}
Potions
 e - 2 potions of brilliance {unknown}
 i - a potion of restore abilities {unknown}
 o - a potion of confusion {unknown}
 p - 3 potions of curing {unknown}
 q - a potion of heal wounds {unknown}
 u - a potion of resistance {unknown}
 x - a potion of mutation {unknown}
Books
 c - a book of Minor Magic

   Spells                             Type                      Level
   *Magic Dart                        Conjuration                  1
   *Blink                             Translocation                2
   *Call Imp                          Summoning                    2
   *Repel Missiles                    Charms/Air                   2
   Slow                               Hexes                        2
   *Conjure Flame                     Conjuration/Fire             3
   Mephitic Cloud                     Conjuration/Poison/Air       3


   Skills:
 - Level 2.4 Dodging
 - Level 2.4 Stealth
 - Level 4.4 Spellcasting
 - Level 4.5 Conjurations
 * Level 2.1 Summonings
 - Level 1.1 Translocations


You had one spell level left.
You knew the following spells:

 Your Spells              Type           Power        Failure   Level  Hunger
a - Magic Dart            Conj           ####         1%          1    None
b - Call Imp              Summ           ###.......   8%          2    None
c - Repel Missiles        Chrm/Air       #.........   14%         2    None
d - Blink                 Tloc           N/A          12%         2    None
f - Conjure Flame         Conj/Fire      ###.....     14%         3    ##.....


Dungeon Overview and Level Annotations

Branches:
Dungeon (3/27)

Altars:

Annotations:
D:3 Sigmund


Message History

You feel protected from missiles. Sigmund closely misses you.
Casting: Repel Missiles
Confirm with . or Enter, or press ? or * to list all spells.
Aiming: Magic Dart
Press: ? - help, Shift-Dir - straight line, f - Sigmund
Aim: Sigmund, wielding a glowing scythe and wearing an embroidered robe (moving very quickly)
The magic dart hits Sigmund.
Sigmund is moderately wounded.
Sigmund hits you from afar with a glowing scythe!
Ouch! That really hurt!
* * * LOW HITPOINT WARNING * * *
Your repel missiles spell is about to expire...
Eat a chunk of giant cockroach flesh? (ye/n/q/i?) This raw flesh tastes terrible.
You continue eating.
You feel less protected from missiles.
There is a stone staircase leading down here.
Sigmund casts a spell at you. The magic dart hits you!
You die...

#.# #.# # #.###### #.# #.# #
#...@ยง.# #.# #.# # #.# #.####.#
# #.# #####[..##)# # ###.###
#.......##.########## #.....#
#.......##...........
#.#.#.###..#.#..##..########.
#.#.@.......@...##..# ##..
#.###.###..#.#..##..######...
.##.....#.........##...........
#..........#.......###.######...
#########.####..### #># ##..
#.####.#### #.# ##. #..........
..# ## ########### ### #


You could see Sigmund.

Vanquished Creatures
  4 adders
  A giant mite (D:1)
  A worm (D:2)
  2 giant geckos
  A ball python (D:2)
  9 giant cockroaches
  3 goblins
  4 hobgoblins
  8 jackals (D:3)
  4 quokkas
  6 bats
  6 giant newts
  4 kobolds
  11 rats
64 creatures vanquished.

Notes
Turn   | Place    | Note
--------------------------------------------------------------
     0 | D:1      | LostMyPassword, the Deep Elf Wizard, began the quest for the Orb.
     0 | D:1      | Reached XP level 1. HP: 8/8 MP: 7/7
   285 | D:1      | Reached XP level 2. HP: 13/13 MP: 5/10
   315 | D:1      | Learned a level 2 spell: Call Imp
   318 | D:1      | Learned a level 2 spell: Blink
   321 | D:1      | Learned a level 2 spell: Repel Missiles
   727 | D:1      | Reached XP level 3. HP: 17/17 MP: 7/13
   732 | D:1      | Learned a level 3 spell: Conjure Flame
  1136 | D:2      | Reached XP level 4. HP: 16/22 MP: 14/16
  1930 | D:3      | Noticed Sigmund
  1949 | D:3      | Killed from afar by Sigmund

Action                   |  1- 3 |  4- 6 || total
-------------------------+-------+-------++-------
Melee: Short sword       |    13 |     1 ||    14
 Cast: Magic Dart        |    77 |    48 ||   125
       Conjure Flame     |       |     2 ||     2
       Repel Missiles    |       |     1 ||     1
 Stab: Sleeping          |       |     1 ||     1
